 Dungeon Crawl Stone Soup version 0.27-a0-287-gd4424db430 (webtiles) character file.

Game seed: 2595892285728823804

230628 vurker the Brawler (level 19, -2/88 (104) HPs)
             Began as a Vine Stalker Enchanter on Feb 8, 2021.
             Was the Champion of Ru.
             Killed from afar by a deep elf zephyrmancer (27 damage)
             ... with a bolt of lightning
             ... on level 2 of the Elven Halls.
             The game lasted 01:05:17 (37419 turns).

vurker the Brawler (Vine Stalker Enchanter)        Turns: 37419, Time: 01:05:17

HP:   -2/88 (104)   AC: 33    Str: 19    XL:     19   Next: 3%
MP:   0/23          EV:  5    Int: 15    God:    Ru [******]
Gold: 2510          SH: 25    Dex: 11    Spells: 22/22 levels left

rFire    + + .     SeeInvis .   a - +3 demon trident (vamp)
rCold    + + .     Faith    .   E - +2 tower shield
rNeg     . . .     Spirit   +   D - +6 gold dragon scales
rPois    +         Reflect  +   k - +1 helmet
rElec    .         Harm     .   y - scarf {rC+ rF+}
rCorr    .         Rampage  .   I - +0 pair of gloves
Will     ++...                  H - +0 pair of boots
Stlth    ..........             e - amulet of reflection
HPRegen  1.04/turn              M - +4 ring of evasion
MPRegen  0.18/turn              z - +4 ring of protection

@: exhausted, extremely horrified, heavily drained
A: fangs 3, clumsy 2, regeneration 2, magic shield, antimagic bite, no potion
heal 3, no stealth, cowardly, inability to train dodging, no necromancy magic,
no poison magic, no transmutations magic, disrupted magic 1, unskilled 1
}: 2/15 runes: decaying, gossamer
a: Renounce Religion, Draw Out Power, Power Leap, Apocalypse


You were on level 2 of the Elven Halls.
You worshipped Ru.
Ru was exalted by your worship.
You visited 7 branches of the dungeon, and saw 34 of its levels.
You visited the Abyss 1 time.

You collected 3786 gold pieces.
You spent 1276 gold pieces at shops.

Inventory:

Hand Weapons
 a - a +3 vampiric demon trident (weapon)
   (You took it off Louise on level 15 of the Dungeon)
Armour
 k - a +1 helmet (worn)
   (You found it on level 2 of the Dungeon)
 y - a scarf of resistance (worn)
   (You found it on level 11 of the Dungeon)
 D - +6 gold dragon scales (worn)
   (You bought it in a shop on level 2 of the Orcish Mines)
 E - a +2 tower shield (worn)
   (You took it off Louise on level 15 of the Dungeon)
 H - a +0 pair of boots (worn)
   (You found it on level 6 of the Lair of Beasts)
 I - a +0 pair of gloves (worn)
   (You found it on level 7 of the Dungeon)
Jewellery
 b - an uncursed ring of resist corrosion
   (You found it on level 10 of the Dungeon)
 e - an amulet of reflection (around neck)
   (You found it on level 1 of the Swamp)
 f - an uncursed ring of flight
   (You took it off an orc on level 6 of the Dungeon)
 z - a +4 ring of protection (right hand)
   (You found it on level 14 of the Dungeon)
 M - a +4 ring of evasion (left hand)
   (You found it on level 3 of the Spider Nest)
Wands
 d - a wand of iceblast (85)
   (You found it on level 4 of the Dungeon)
 m - a wand of mindburst (23)
   (You found it on level 4 of the Dungeon)
 t - a wand of flame (78)
   (You found it on level 4 of the Lair of Beasts)
 u - a wand of paralysis (26)
   (You took it off an orc on level 11 of the Dungeon)
 v - a wand of charming (14)
   (You found it on level 9 of the Dungeon)
 L - a wand of polymorph (16)
   (You found it on level 2 of the Swamp)
Scrolls
 c - 8 scrolls of fog
 g - 2 scrolls of fear
 j - 3 scrolls of remove curse
 l - 7 scrolls of magic mapping
 s - 6 scrolls of identify
 F - 6 scrolls of teleportation
 J - 4 scrolls of immolation
 K - 2 scrolls of silence
Potions
 h - 6 potions of flight
 i - 6 potions of haste
 n - 3 potions of cancellation
 o - 9 potions of ambrosia
 p - a potion of resistance
 q - 4 potions of lignification
 r - 3 potions of curing
 w - a potion of invisibility
 x - 2 potions of magic
 A - 2 potions of might
 C - 3 potions of attraction
 G - 3 potions of mutation


   Skills:
 + Level 13.0 Fighting
 - Level 0.7 Short Blades
 * Level 9.5 Polearms
 + Level 10.9 Armour
 + Level 13.0 Shields
 - Level 17.0 Unarmed Combat
 - Level 2.0 Spellcasting
 - Level 2.6 Hexes


You had 22 spell levels left.
You didn't know any spells.
Your spell library contained the following spells:

 Spells                   Type           Power        Failure   Level
 Corona                   Hex            5%           100%        1
 Magic Dart               Conj           0%           100%        1
 Ensorcelled Hibernation  Hex/Ice        6%           100%        2
 Searing Ray              Conj           0%           100%        2
 Confusing Touch          Hex            5%           100%        3
 Dazzling Flash           Conj/Hex       6%           100%        3
 Tukima's Dance           Hex            5%           100%        3
 Fulminant Prism          Conj/Hex       1%           100%        4
 Iskenderun's Mystic Bla  Conj/Tloc      0%           100%        4
 Animate Skeleton         Necr           Unusable     N/A         1
 Beastly Appendage        Tmut           Unusable     N/A         1
 Pain                     Necr           Unusable     N/A         1
 Sting                    Tmut/Pois      Unusable     N/A         1
 Corpse Rot               Necr/Air       Unusable     N/A         2
 Poisonous Vapours        Pois/Air       Unusable     N/A         2
 Sublimation of Blood     Necr           Unusable     N/A         2
 Wereblood                Tmut           Unusable     N/A         2
 Ignite Poison            Fire/Tmut/Pois Unusable     N/A         3
 Mephitic Cloud           Conj/Pois/Air  Unusable     N/A         3
 Spider Form              Tmut/Pois      Unusable     N/A         3
 Vampiric Draining        Necr           Unusable     N/A         3
 Ice Form                 Ice/Tmut       Unusable     N/A         4
 Olgreb's Toxic Radiance  Pois           Unusable     N/A         4
 Blade Hands              Tmut           Unusable     N/A         5
 Death Channel            Necr           Unusable     N/A         6

Dungeon Overview and Level Annotations

Branches:
Dungeon (15/15)            Temple (1/1) D:6            Lair (6/6) D:11
  Swamp (4/4) Lair:4       Spider (4/4) Lair:2        Slime (0/5) Lair:5
    Orc (2/2) D:9             Elf (2/3) Orc:2        Vaults (0/5) D:13
 Depths (0/5) D:15

Altars:
Ashenzari
Cheibriados
Dithmenos
Elyvilon
Fedhas
Gozag
Hepliaklqana
Kikubaaqudgha
Makhleb
Nemelex Xobeh
Okawaru
Qazlal
Ru
Sif Muna
Trog
Uskayaw
Vehumet
Wu Jian
Xom
Yredelemnul
Zin
The Shining One
Beogh

Shops:
D:6 [[[??   D:8 :*((   D:14 :   Orc:1 (   Orc:2 ?*[?

Annotations:
D:9 2 transporters, exclusion: ice statue
D:15 1 runed translucent door, Roeh's ghost, adept MiBe
Orc:1 exclusion: door


Innate Abilities, Weirdness & Mutations

You have razor-sharp teeth.
You are very clumsy. (Dex -4)
You heal very quickly.
When hurt, damage is shared between your health and your magic reserves.
Your bite disrupts and absorbs the magic of your enemies.
Potions cannot restore your health.
You cannot be stealthy.
Your cowardice makes you less effective in combat with threatening monsters.
You cannot train Dodging skill.
You cannot study or cast Necromancy magic.
You cannot study or cast Poison magic.
You cannot study or cast Transmutations magic.
Your casting is slightly disrupted.
You are somewhat unskilled. (-1 Apt)


Message History

The deep elf pyromancer blinks!
You block the +0 falchion's attack.
The +0 falchion is stunned by your conviction and fails to attack.
You reel with horror at the sight of these foes!
Found a stone staircase leading up.
You see here a +0 long sword.
You miss the +0 falchion. Your bite misses the +0 falchion.
You block the +0 falchion's attack.
The deep elf pyromancer mumbles some strange words.
You block the +0 falchion's attack.
You hit the +0 falchion. Your bite misses the +0 falchion.
You block the +0 falchion's attack.
You impale the +0 falchion!!
The +0 falchion falls from the air.
You hear some strange, mumbled words.
A shard of ice appears from out of thin air!
The shard of ice reflects off an invisible shield around you!
The shard of ice hits the fire elemental!!!
The fire elemental is frozen!
You destroy the fire elemental!
The deep elf zephyrmancer points at you and mumbles some strange words.
The bolt of lightning hits you!!
* * * LOW HITPOINT WARNING * * *
The bolt of lightning hits you!!
* * * LOW HITPOINT WARNING * * *
You focus your inner power and illuminate the deep elf zephyrmancer in retribution!
You hear some strange, mumbled words.
A shard of ice appears from out of thin air!
The shard of ice hits you. You partially resist.
* * * LOW HITPOINT WARNING * * *
The deep elf archer blinks!
You redirect something's attack!
The deep elf archer points at you and mumbles some strange words.
Monsters!
Monsters everywhere!
You have to get out of here!
You see here a +0 falchion.
Okay, then.
You are restored by drawing out deep reserves of power within.
You feel drained. Something hits you but does no damage.
The deep elf pyromancer casts a spell.
The deep elf pyromancer blinks!
The deep elf archer shoots an arrow.
The deep elf pyromancer casts a spell at you.
The bolt of fire hits something!!
Reactivating autopickup.
The bolt of fire hits you. You resist.
You're too exhausted to unleash your apocalyptic power.
The deep elf zephyrmancer points at you and mumbles some strange words.
The bolt of lightning hits you!!
* * * LOW HITPOINT WARNING * * *
The bolt of lightning hits you!!
You die...

.... #.......#####..#
.#...
#.......#<...#.#####
<....
#.......#.....<....#
#............#.####.#####
.##.#.#..............#
....#.#.......#.#.##.#
#.#.#######.#.##.#
#.>))######...(..#
#..###@e.).....#### #...#
#ee#####..# #..#
#.#e####.....
#.######E##E.○...####
#....°e..○☼.e...##
#....#....○#..... ..
##).)###...# ##.## #..#
... ...


You could see 2 deep elf archers, 2 deep elf pyromancers, a deep elf
zephyrmancer (corona) and 2 fire elementals.

Vanquished Creatures
  A thorn hunter (Swamp:3)
  Gastronok (D:11)
  Roxanne (Spider:3)
  Frances (D:12)
  Donald (Swamp:1)
  An azure jelly (Swamp:4)
  Aizul (Elf:1)
  4 ghost moths
  Louise (D:15)
  An emperor scorpion (Spider:4)
  A deep elf elementalist (Abyss:1)
  A very ugly thing (Abyss:1)
  A deep elf demonologist (Elf:1)
  Nessos (Orc:2)
  3 entropy weavers
  2 spark wasps (Spider:4)
  8 bunyips
  3 eleionomae
  2 deep elf death magi (Elf:1)
  Josephine (D:15)
  3 ice dragons
  2 shambling mangroves (Swamp:3)
  3 ghost crabs (Swamp:4)
  A fire dragon (D:15)
  8 boulder beetles
  A spriggan air mage (Swamp:1)
  A rakshasa (Abyss:1)
  4 ogre magi (Orc:2)
  11 hydras
  18 two-headed ogres
  2 centaur warriors (D:15)
  5 dancing weapons
  8 alligators
  2 orc high priests
  6 death yaks (Lair:5)
  4 hell hogs (Abyss:1)
  A thrashing horror (Abyss:1)
  2 wretched stars (Abyss:1)
  A deep elf knight (Elf:1)
  5 skeletal warriors
  3 goliath frogs (Swamp:1)
  An unseen horror (D:12)
  2 spriggan druids
  2 deep elf archers (Elf:1)
  2 bog bodies (Swamp:3)
  2 orc knights (Orc:1)
  2 wizards (D:13)
  5 swamp dragons
  2 necromancers (Elf:1)
  14 orb spiders
  13 deep elf pyromancers
  8 deep elf zephyrmancers
  4 ugly things
  3 will-o-the-wisps
  27 wolf spiders
  5 orc sorcerers
  An oklob plant (Lair:5)
  2 manticores
  3 moths of wrath
  5 cyclopes
  8 black mambas
  13 elephants
  13 cane toads
  2 torpor snails
  A water nymph (shapeshifter) (D:15)
  2 gargoyles
  An orange demon (Abyss:1)
  A centaur skeleton (D:15)
  Psyche (D:8)
  A kobold demonologist (D:14)
  5 freezing wraiths
  2 rime drakes (Lair:4)
  An efreet (Abyss:1)
  8 komodo dragons
  17 demonic crawlers
  A hellwing (Abyss:1)
  An ancient zyme (Abyss:1)
  A redback zombie (D:14)
  21 hornets
  7 trolls
  26 jumping spiders
  11 tyrant leeches
  4 slime creatures (D:12)
  6 polar bears
  15 blink frogs
  4 raiju (Abyss:1)
  12 dream sheep
  A snapping turtle (shapeshifter) (D:15)
  Grinder (D:5)
  28 tarantellas
  Sigmund (D:6)
  An air elemental (Elf:2)
  A centaur simulacrum (D:15)
  57 redbacks
  51 yaks
  A ynoxinul (Abyss:1)
  7 wraiths
  17 spriggans
  3 wyverns
  A yak (shapeshifter) (Elf:1)
  2 fire elementals
  A water elemental (Elf:1)
  4 large abominations
  5 basilisks
  2 fire bats (Abyss:1)
  A redback simulacrum (D:15)
  3 swamp worm simulacra (Swamp:4)
  10 vampire mosquitoes
  8 wargs
  18 water moccasins
  Menkaure (D:7)
  3 acid dragons
  11 swamp worms
  11 hydra simulacra (Swamp:4)
  A hornet zombie (D:9)
  4 swamp drakes
  18 orc warriors
  2 ice beasts
  8 sky beasts
  5 black bears
  2 eyes of draining
  28 ogres
  A necrophage (D:8)
  4 boggarts (Lair:6)
  37 wolves
  14 centaurs
  3 phantoms
  A kobold brigand (D:11)
  3 elf zombies (Elf:1)
  28 bullfrogs
  2 wyvern zombies
  9 scorpions
  A wyvern skeleton (D:10)
  5 wights
  6 killer bees (D:10)
  5 howler monkeys
  An electric eel (Lair:4)
  3 quasits
  3 bullfrog zombies
  2 centaur zombies
  4 hounds
  4 bullfrog skeletons
  5 jellies
  5 human zombies (D:14)
  19 orc priests
  A human skeleton (D:14)
  16 orc wizards
  2 iguanas (D:10)
  3 small abominations (Abyss:1)
  14 worker ants
  A hound zombie (D:9)
  A hound skeleton (D:4)
  A mummy (D:14)
  A worker ant zombie (D:11)
  3 gnolls (D:3)
  8 adders
  3 shadow imps
  4 white imps
  An ooze (D:1)
  3 swamp drake simulacra (Swamp:4)
  2 adder zombies
  3 worms
  7 leopard geckos
  84 orcs
  8 ball pythons
  4 giant cockroaches
  9 goblins
  9 hobgoblins
  12 jackals
  3 quokkas
  5 bats
  6 frilled lizards
  10 kobolds
  An orc skeleton (D:14)
  An orc zombie (D:14)
  A quokka zombie (D:7)
  5 rats
  21 briar patches (Swamp:3)
1151 creatures vanquished.

Vanquished Creatures (others)
  An azure jelly (Swamp:4)
  An emperor scorpion (Spider:4)
  A bunyip (Swamp:4)
  A hydra (Swamp:4)
  A ghost crab (Swamp:4)
  A dancing weapon (Elf:2)
  3 alligators
  A deep elf knight (Elf:2)
  An unseen horror (D:14)
  An orc knight (D:9)
  A deep elf pyromancer (Orc:2)
  A deep elf zephyrmancer (Elf:1)
  A cyclops (D:15)
  A wolf spider (Spider:3)
  A guardian serpent (Abyss:1)
  A troll (Orc:1)
  4 bloated husks
  5 redbacks
  A tarantella (Spider:4)
  A basilisk (Lair:5)
  A small abomination (Abyss:1)
  2 hydra simulacra (Swamp:4)
  2 orc warriors
  A wolf (Lair:6)
  4 ogres (Orc:2)
  2 swamp drake simulacra (Swamp:4)
  A leopard gecko (D:8)
  3 orcs
  A bush (Lair:5)
  16 foxfires
  11 fungi
  13 plants
  5 toadstools (D:1)
91 creatures vanquished.

Grand Total: 1242 creatures vanquished

Notes
Turn   | Place    | Note
-------+----------+-------------------------------------------
     0 | D:1      | vurker the Vine Stalker Enchanter began the quest for the
                  | Orb.
     0 | D:1      | Reached XP level 1. HP: 9/9 MP: 4/4
   131 | D:1      | Reached skill level 1 in Unarmed Combat
   131 | D:1      | Reached XP level 2. HP: 7/14 MP: 1/6
   515 | D:1      | Reached skill level 1 in Shields
   515 | D:1      | Reached XP level 3. HP: 6/17 MP: 2/7
   519 | D:1      | Reached skill level 1 in Fighting
  1393 | D:2      | Reached skill level 2 in Unarmed Combat
  1593 | D:2      | Gained mutation: Your natural rate of healing is unusually
                  | fast. [Vine Stalker growth]
  1593 | D:2      | Reached XP level 4. HP: 22/22 MP: 6/8
  2032 | D:3      | Reached skill level 3 in Unarmed Combat
  2066 | D:3      | Reached XP level 5. HP: 26/26 MP: 9/9
  2317 | D:3      | Found a radiant altar of Vehumet.
  2809 | D:3      | Reached XP level 6. HP: 31/31 MP: 8/10
  2822 | D:3      | Reached skill level 4 in Unarmed Combat
  2992 | D:4      | Found a sparkling altar of Nemelex Xobeh.
  3387 | D:4      | Got a masterwork flail
  3797 | D:5      | Entered Level 5 of the Dungeon
  3841 | D:5      | Found a stormy altar of Qazlal.
  3874 | D:5      | Noticed Grinder
  3980 | D:5      | Killed Grinder
  3981 | D:5      | Reached skill level 5 in Unarmed Combat
  3981 | D:5      | Reached XP level 7. HP: 32/36 MP: 9/11
  4233 | D:5      | Found a white marble altar of Elyvilon.
  4373 | D:5      | Got a twisted chain mail
  4384 | D:5      | Identified the cursed +0 chain mail of Quantum Leap {-Tele
                  | rC+ Int+3} (You found it on level 5 of the Dungeon)
  4522 | D:5      | Reached skill level 6 in Unarmed Combat
  4522 | D:5      | Gained mutation: You have razor-sharp teeth. [Vine Stalker
                  | growth]
  4522 | D:5      | Reached XP level 8. HP: 39/42 MP: 12/12
  4971 | D:6      | Found Zimimis's Antique Armour Boutique.
  5015 | D:6      | Noticed Sigmund
  5043 | D:6      | Noticed a cyan ugly thing
  5100 | D:6      | Found Nutsanto's Magic Scroll Shoppe.
  5106 | D:6      | Bought a scroll of identify for 30 gold pieces
  5115 | D:6      | Found Reishait's Magic Scroll Shop.
  5237 | D:7      | Reached skill level 7 in Unarmed Combat
  5518 | D:7      | Reached XP level 9. HP: 46/46 MP: 13/13
  5536 | D:7      | Got an encrusted chain mail
  5538 | D:7      | Identified the +7 flail of Truncation {vorpal, MP-9 Str+2
                  | Int+3} (You found it on level 4 of the Dungeon)
  5550 | D:7      | Identified the +8 chain mail of Cowardice {Dex+3} (You
                  | found it on level 7 of the Dungeon)
  5648 | D:7      | Reached skill level 5 in Fighting
  5648 | D:7      | Reached skill level 5 in Shields
  5648 | D:7      | Reached skill level 8 in Unarmed Combat
  5896 | D:7      | Noticed Menkaure
  5906 | D:7      | Killed Menkaure
  6116 | D:6      | Found a staircase to the Ecumenical Temple.
  6124 | Temple   | Entered the Ecumenical Temple
  6193 | Temple   | Became a worshipper of Ru the Awakened
  6268 | D:8      | Found Sev Kuda's Weapon Boutique.
  6427 | D:8      | Found Fujuxzin's Assorted Antiques.
  6428 | D:8      | Noticed Psyche
  6465 | D:8      | Killed Psyche
  6506 | D:8      | Reached skill level 9 in Unarmed Combat
  6513 | D:8      | Found Ivuiqudgh's Weapon Emporium.
  6550 | D:8      | Bought an orange potion for 23 gold pieces
  6550 | D:8      | Bought a metallic brown potion for 23 gold pieces
  6580 | D:8      | Found Baf Xor's Book Emporium.
  6628 | D:8      | Found a broken altar of Ashenzari.
  6821 | D:8      | Found a bloodstained altar of Trog.
  6953 | D:9      | Found a transporter.
  7033 | D:9      | Found a staircase to the Orcish Mines.
  7153 | D:9      | Noticed a two-headed ogre
  7160 | D:9      | Killed a two-headed ogre
  7161 | D:9      | Reached skill level 10 in Unarmed Combat
  7161 | D:9      | Reached XP level 10. HP: 39/53 MP: 10/14
  7343 | D:9      | Gained mutation: You cannot train Dodging skill. [Ru
                  | sacrifice]
  7343 | D:9      | Reached * piety under Ru
  7370 | D:9      | Found a glowing golden altar of the Shining One.
  7370 | D:9      | Found an opulent altar of Gozag.
  7421 | D:9      | Noticed an ice statue
  7754 | D:9      | Reached skill level 1 in Armour
  8163 | D:9      | Found a transporter.
  8324 | D:10     | Entered Level 10 of the Dungeon
  8386 | D:10     | Reached skill level 11 in Unarmed Combat
  8565 | D:10     | Noticed a cyclops
  8573 | D:10     | Killed a cyclops
  8585 | D:10     | Reached XP level 11. HP: 45/58 MP: 11/15
  8874 | D:10     | Got a scintillating ivory ring
  8878 | D:10     | Identified the ring of Ferchaa {*Slow rN+ EV+4 Int+4
                  | Dex+10} (You found it on level 10 of the Dungeon)
  9131 | D:10     | Noticed a brown ugly thing
  9147 | D:10     | Killed a brown ugly thing
  9278 | D:10     | Gained mutation: You are clumsy. (Dex -2) [Ru sacrifice]
  9278 | D:10     | Reached ** piety under Ru
  9430 | D:11     | Noticed a boulder beetle
  9464 | D:11     | Killed a boulder beetle
  9549 | D:11     | Found a staircase to the Lair.
  9837 | D:11     | Noticed a cyclops
  9848 | D:11     | Killed a cyclops
  9849 | D:11     | Reached skill level 12 in Unarmed Combat
  9959 | D:11     | Noticed Gastronok
 10135 | D:11     | Killed Gastronok
 10692 | D:6      | Found Kegesk's Antique Armour Boutique.
 10736 | D:5      | HP: 1/60 [cyan ugly thing (10)]
 10953 | D:6      | Got a scorched short sword
 10998 | D:6      | Found Plog's Armour Shoppe.
 11072 | D:6      | Found Nutsanto's Magic Scroll Shoppe.
 11089 | D:6      | Found Reishait's Magic Scroll Shop.
 11166 | D:6      | Found Plog's Armour Shoppe.
 11191 | D:6      | Killed Sigmund
 11192 | D:6      | Found Kegesk's Antique Armour Boutique.
 11239 | D:6      | Found Zimimis's Antique Armour Boutique.
 11349 | D:6      | Found a staircase to the Ecumenical Temple.
 11486 | Lair:1   | Entered Level 1 of the Lair of Beasts
 11506 | Lair:1   | Gained mutation: You heal very quickly. [Vine Stalker
                  | growth]
 11506 | Lair:1   | Reached XP level 12. HP: 20/65 MP: 16/16
 11771 | D:11     | Paralysed by an orc for 2 turns
 11932 | Lair:1   | Gained mutation: You cannot be stealthy. [Ru sacrifice]
 12167 | Lair:1   | Reached skill level 13 in Unarmed Combat
 12180 | Lair:1   | Reached skill level 5 in Armour
 12897 | Lair:2   | Found a hole to the Spider Nest.
 13541 | Lair:2   | Got a masterwork buckler
 13688 | Lair:3   | Gained mutation: Your cowardice makes you less effective in
                  | combat with threatening monsters. [Ru sacrifice]
 13688 | Lair:3   | Reached *** piety under Ru
 13766 | Lair:3   | Reached XP level 13. HP: 70/70 MP: 17/17
 14285 | Lair:2   | Reached skill level 14 in Unarmed Combat
 14735 | Lair:4   | Found a staircase to the Swamp.
 15721 | Lair:5   | Reached skill level 10 in Fighting
 15836 | Lair:5   | Reached skill level 10 in Shields
 16243 | Lair:5   | Reached skill level 15 in Unarmed Combat
 16259 | Lair:5   | Reached XP level 14. HP: 52/77 MP: 18/18
 16322 | Lair:5   | Gained mutation: You are somewhat unskilled. (-1 Apt) [Ru
                  | sacrifice]
 16322 | Lair:5   | Reduced skill Unarmed Combat to level 13
 16322 | Lair:5   | Reached **** piety under Ru
 16322 | Lair:5   | Reached ***** piety under Ru
 16855 | Lair:5   | Found a staircase to the Slime Pits.
 16873 | Lair:5   | Reached skill level 14 in Unarmed Combat
 16922 | Lair:6   | Entered Level 6 of the Lair of Beasts
 18167 | Lair:6   | Gained mutation: You cannot study or cast Poison magic. [Ru
                  | sacrifice]
 18167 | Lair:6   | Gained mutation: You cannot study or cast Transmutations
                  | magic. [Ru sacrifice]
 18167 | Lair:6   | Gained mutation: You cannot study or cast Necromancy magic.
                  | [Ru sacrifice]
 18325 | Lair:6   | Reached skill level 10 in Fighting
 18325 | Lair:6   | Reached skill level 10 in Shields
 19659 | Orc:1    | Entered Level 1 of the Orcish Mines
 19743 | Orc:1    | Found a roughly hewn altar of Beogh.
 20010 | Orc:1    | Found Ezudaono's Antique Weapon Emporium.
 20095 | Orc:1    | Found a shimmering blue altar of Sif Muna.
 20141 | Orc:2    | Entered Level 2 of the Orcish Mines
 20374 | Orc:2    | Paralysed by an orc sorcerer for 4 turns
 20401 | Orc:2    | Cast into level 1 of the Abyss (orc warrior)
 20522 | Abyss:1  | Reached skill level 15 in Unarmed Combat
 20539 | Abyss:1  | Noticed a white draconian knight
 20542 | Abyss:1  | Gained mutation: You are very clumsy. (Dex -4) [a neqoxec]
 20716 | Abyss:1  | Gained mutation: Your casting is slightly disrupted. [Ru
                  | sacrifice]
 20716 | Abyss:1  | Reached ****** piety under Ru
 20793 | Abyss:1  | Noticed a deep elf elementalist
 20804 | Abyss:1  | Killed a deep elf elementalist
 20805 | Abyss:1  | Reached XP level 15. HP: 79/80 MP: 19/19
 21200 | Orc:2    | Escaped the Abyss
 21704 | Orc:2    | Found Yllugauk's General Store.
 21704 | Orc:2    | Found Qaosaco's Magic Scroll Shop.
 21746 | Orc:2    | Paralysed by an ogre mage for 5 turns
 21815 | Orc:2    | Found Sattam's Magic Scroll Boutique.
 21815 | Orc:2    | Found Fuycaask's Antique Armour Shoppe.
 21872 | Orc:2    | Found a staircase to the Elven Halls.
 21967 | Orc:2    | Noticed Nessos
 21984 | Orc:2    | Killed Nessos
 22003 | Orc:2    | HP: 1/73 [orc sorcerer/bolt of negative energy (23)]
 22274 | Orc:2    | Found a roughly hewn altar of Beogh.
 22338 | Orc:2    | Bought +0 gold dragon scales for 1200 gold pieces
 22644 | D:12     | Noticed Frances
 22653 | D:12     | Killed Frances
 22994 | D:12     | Reached skill level 16 in Unarmed Combat
 23615 | D:13     | Found a gate to the Vaults.
 23653 | D:13     | Reached XP level 16. HP: 64/81 MP: 20/20
 24853 | D:14     | Found a basalt altar of Yredelemnul.
 25088 | D:14     | Found Quptam's Book Boutique.
 25372 | D:15     | Entered Level 15 of the Dungeon
 25682 | D:15     | Noticed Louise
 25682 | D:15     | Noticed Josephine
 25684 | D:15     | Killed Josephine
 25700 | D:15     | Found a staircase to the Depths.
 25723 | D:15     | Killed Louise
 25880 | D:15     | Found a runed translucent door.
 25883 | D:15     | Found a shimmering altar of Xom.
 25895 | D:15     | Noticed Roeh's ghost (adept MiBe)
 26122 | D:15     | Found a shadowy altar of Dithmenos.
 26428 | Swamp:1  | Entered Level 1 of the Swamp
 26673 | Swamp:1  | Reached skill level 1 in Polearms
 26894 | Swamp:1  | Found a stormy altar of Qazlal.
 27654 | Swamp:2  | Noticed Donald
 27718 | Swamp:1  | Killed Donald
 28070 | Swamp:2  | Got a buzzing rapier
 28322 | Swamp:3  | Noticed a thorn hunter
 28336 | Swamp:3  | Reached skill level 17 in Unarmed Combat
 28336 | Swamp:3  | Reached XP level 17. HP: 36/83 MP: 0/21
 29380 | Swamp:4  | Entered Level 4 of the Swamp
 29685 | Swamp:4  | Reached skill level 5 in Polearms
 30810 | Swamp:4  | Got a decaying rune of Zot
 30946 | Spider:1 | Entered Level 1 of the Spider Nest
 31377 | Spider:1 | Reached skill level 10 in Armour
 32823 | Spider:3 | Reached XP level 18. HP: 73/98 MP: 19/22
 33931 | Spider:3 | Noticed Roxanne
 33967 | Spider:3 | Killed Roxanne
 33990 | Spider:4 | Entered Level 4 of the Spider Nest
 34016 | Spider:4 | Identified a scroll of acquirement
 34017 | Spider:4 | Acquired 806 gold pieces
 34961 | Spider:4 | Got a gossamer rune of Zot
 35313 | Elf:1    | Entered Level 1 of the Elven Halls
 35589 | Elf:1    | Noticed Aizul
 35822 | Elf:1    | Identified the Papyrus of Unholy Rituals
 35867 | Elf:1    | Noticed an Ice Fiend
 35977 | Elf:1    | HP: 3/75 [deep elf zephyrmancer/bolt of lightning (18)]
 36810 | Elf:1    | Killed Aizul
 37354 | Elf:2    | Reached XP level 19. HP: 90/91 MP: 23/23
 37419 | Elf:2    | Killed from afar by a deep elf zephyrmancer

Illustrated notes

Levels and vault maps discovered:
D:1:      ldierk_walled_garden, layout_loops_ring
D:2:      layout_loops_ring
D:3:      layout_basic, fiery_altar_vehumet
D:4:      layout_cave_pods, nemelex_xobeh_ov_fountains_minmay, minivault_1
D:5:      layout_loops_ring, kennysheep_little_box, elyvilon_altar_5,
          kennysheep_cross_room, uniq_grinder
D:6:      layout_rooms, minmay_temple_entry_crystal_x, serial_shops,
          kennysheep_mini, shop, shop_fountains, shop, nicolae_shop_trees,
          uniq_sigmund
D:7:      layout_basic, uniq_menkaure
D:8:      layout_rooms, lemuel_doored_altar, kennysheep_mini_moat, serial_shops,
          shop, nicolae_shop_crystal, shop, shop, uniq_psyche
D:9:      gammafunk_cloud_chamber, layout_stronghold,
          gammafunk_temple_overflow_pools, orc_0_dummy, minivault_16
D:10:     layout_loops_corners, serial_rivers, chequers_serial_rivers_small_a,
          chequers_serial_rivers_room_a, chequers_serial_rivers_room_a,
          chequers_serial_rivers_room_b
D:11:     layout_grid_maze, erik_lair_orcish_takeover, uniq_gastronok
D:12:     layout_stronghold, corexii_mini_fake_secret_closet, uniq_frances
D:13:     layout_basic, david_vaults_1
D:14:     layout_roguey, lemuel_mausoleum_altar_yredelemnul, serial_shops,
          shop_statue, amcnicky_mini_rare_corridor_liquid
D:15:     grunt_enter_depths_hoard, layout_irregular_city, ebering_ghost_xom,
          basic_altar, kennysheep_two_boxes, uniq_louise, uniq_josephine
Temple:   zaba_magenta_temple
Lair:1:   layout_gridlike, grunt_megastairs_1
Lair:2:   layout_small_grid, nicolae_spider_entry_non_spiders,
          lemuel_fruit_tree, grunt_megastairs_4
Lair:3:   layout_cave_pods
Lair:4:   layout_gridlike, minmay_swamp_entry_swarm, grunt_megastairs_3
Lair:5:   layout_cave_pods, minmay_slime_entry_oklob_enclosed,
          amcnicky_mini_pool_medium
Lair:6:   minmay_lair_end_enchanted_forest, layout_cave_pods, serial_rivers,
          chequers_serial_rivers_large_b, chequers_serial_rivers_micro_c,
          chequers_serial_rivers_micro_c, chequers_serial_rivers_micro_d,
          chequers_serial_rivers_micro_c, chequers_serial_rivers_small_b,
          minivault_25
Swamp:1:  layout_basic_swamp, nicolae_swamp_godswood
Swamp:2:  layout_basic_swamp, evilmike_swamp_ruin_rubble_2, uniq_donald
Swamp:3:  layout_basic_swamp, evilmike_swamp_ruin_house_6, swamp_pool4,
          infiniplex_staircase_pool
Swamp:4:  swamp_icy, layout_basic_swamp
Spider:1: layout_chambers
Spider:2: layout_spider_delve, drop_trap, einodemon_crawler_minivault
Spider:3: nicolae_orb_stairs_large, uniq_roxanne
Spider:4: grunt_spider_rune_parallel, nicolae_spider_webbed_stairs
Orc:1:    layout_caves, serial_shops, shop, basic_altar, led_sif_book
Orc:2:    st_orc_ogre_mass, layout_caves, basic_altar, uniq_nessos
Elf:1:    minmay_elf_arrival_circle, layout_geoelf_diagonals,
          minmay_elf_necromancy, uniq_aizul
Elf:2:    layout_loops_cross, serial_shops, nicolae_shop_trees

Skill      XL: |  1  2  3  4  5  6  7  8  9 10 11 12 13 14 15 16 17 18 |
---------------+-------------------------------------------------------+-----
Unarmed Combat | 1 2 3 5 6 7 10 11 12 13 15 15 16 17 | 17.0
Shields        | 1 2 3 4 6 7 8 9 10 10 11 12 13 | 13.0
Fighting       | 1 2 3 4 6 7 8 9 10 10 11 12 13 | 13.0
Dodging        | 0 |  0.0
Armour         | 2 4 5 7 7 8 9 10 | 10.9
Stealth        | 0 |  0.0
Hexes          | 2 |  2.6
Polearms       | 3 6 9 |  9.5
Short Blades   | |  0.7
Spellcasting   | |  2.0

Action                   |  1- 3 |  4- 6 |  7- 9 | 10-12 | 13-15 | 16-18 | 19-21 || total
-------------------------+-------+-------+-------+-------+-------+-------+-------++-------
Melee: Dagger            |     8 |       |       |       |       |       |       ||     8
       Bite              |     5 |    36 |   101 |   305 |   563 |   746 |     6 ||  1762
       Short sword       |    70 |   160 |   159 |       |       |       |       ||   389
       Unarmed           |       |       |   164 |   884 |  1608 |  1896 |       ||  4552
       Demon trident     |       |       |       |       |       |   685 |    46 ||   731
Invok: Sacrifice Nimblen |       |       |       |     1 |       |       |       ||     1
       Sacrifice Purity  |       |       |       |     1 |       |       |       ||     1
       Sacrifice Stealth |       |       |       |     1 |       |       |       ||     1
       Sacrifice Courage |       |       |       |     1 |       |       |       ||     1
       Apocalypse        |       |       |       |       |     6 |    12 |       ||    18
       Sacrifice Essence |       |       |       |       |     1 |       |       ||     1
       Sacrifice Arcana  |       |       |       |       |     1 |       |       ||     1
       Sacrifice Skill   |       |       |       |       |     1 |       |       ||     1
       Draw Out Power    |       |       |       |       |     1 |     5 |     1 ||     7
       Power Leap        |       |       |       |       |       |     1 |       ||     1
Evoke: Wand              |       |       |     3 |     4 |     4 |    11 |       ||    22
  Use: Scroll            |       |     5 |    13 |     8 |    15 |    16 |       ||    57
       Potion            |       |       |       |       |     1 |     5 |       ||     6
 Stab: Sleeping          |     4 |     4 |     1 |       |       |     1 |       ||    10
       Distracted        |     1 |       |       |     1 |     9 |    15 |       ||    26
       Petrified         |       |       |       |     3 |     2 |       |       ||     5
       Paralysed         |       |       |       |       |    11 |    14 |     2 ||    27
       Invisible         |       |       |       |       |     8 |    18 |       ||    26
       Confused          |       |       |       |       |       |     1 |       ||     1
Armor: Robe              |     5 |       |       |       |       |       |       ||     5
       Ring mail         |    16 |    36 |    25 |       |       |       |       ||    77
       Chain mail        |       |       |   156 |   480 |   690 |       |       ||  1326
       Skin              |       |       |     1 |       |       |       |       ||     1
       Gold dragon scale |       |       |       |       |    71 |  1987 |    42 ||  2100
Dodge: Dodged            |    35 |    41 |    67 |   136 |   270 |   165 |    10 ||   724
Block: Kite shield       |    30 |    70 |   154 |   496 |   768 |   149 |       ||  1667
       Tower shield      |       |       |       |       |       |  2729 |    71 ||  2800
       Reflection        |       |       |       |       |       |    20 |     7 ||    27

Table legend: (Time is in decaauts)
 A = Elapsed time spent in this place.
 B = Non-inter-level travel time spent in this place.
 C = Inter-level travel time spent in this place.
 D = Time resting spent in this place.
 E = Time spent auto-exploring this place.
 F = Levels seen in this place.
 G = Mean time per level.
                   A        B        C        D        E       F      G
               +--------+--------+--------+--------+--------+-----+--------+
         Total |  37665 |  35570 |   2095 |   1751 |  24314 |  35 | 1076.1 |
       Dungeon |  15631 |  14533 |   1098 |    445 |  10616 |  15 | 1042.1 |
        Temple |     82 |     70 |     12 |      0 |     54 |   1 |   82.0 |
          Lair |   8044 |   7538 |    506 |    146 |   5692 |   6 | 1340.7 |
         Swamp |   4887 |   4728 |    159 |    658 |   2607 |   4 | 1221.8 |
   Spider Nest |   4181 |   3989 |    192 |    252 |   2387 |   4 | 1045.2 |
  Orcish Mines |   1920 |   1806 |    114 |    214 |    891 |   2 |  960.0 |
   Elven Halls |   2130 |   2117 |     13 |     33 |   1505 |   2 | 1065.0 |
         Abyss |    786 |    786 |      0 |      3 |    560 |   1 |  786.0 |
               +--------+--------+--------+--------+--------+-----+--------+

Top non-repeatable levels by time:
  Lair:6: 2499 daAuts
   Elf:1: 2022 daAuts
  Lair:5: 1555 daAuts
 Swamp:4: 1511 daAuts
     D:9: 1496 daAuts
    D:11: 1482 daAuts
     D:1: 1400 daAuts
 Swamp:1: 1392 daAuts
Spider:1: 1392 daAuts
 Swamp:3: 1257 daAuts
    D:10: 1194 daAuts
  Lair:1: 1127 daAuts
     D:5: 1119 daAuts
  Lair:2: 1112 daAuts
Spider:4: 1106 daAuts
